 Dungeon Crawl Stone Soup version 0.22.1-1-ga44c0e56f4 (webtiles) character file.

73991 Gargoyl the Cleaver (level 15, -9/132 HPs)
             Began as a Centaur Abyssal Knight on Oct 12, 2018.
             Was the Champion of Lugonu.
             Killed from afar by an ogre mage (43 damage)
             ... with a bolt of lightning
             ... on level 15 of the Dungeon.
             The game lasted 00:48:04 (30842 turns).

Gargoyl the Cleaver (Centaur Abyssal Knight)       Turns: 30842, Time: 00:48:05

Health: -9/132     AC: 29    Str: 18    XL:     15   Next: 5%
Magic:  22/22      EV:  7    Int: 13    God:    Lugonu [******]
Gold:   1646       SH:  2    Dex: 17    Spells: 14/14 levels left

rFire    + . .     SeeInvis .   k - +9 battleaxe (freeze)
rCold    . . .     Gourm    .   (shield currently unavailable)
rNeg     . . .     Faith    .   K - +6 plate armour {rF+}
rPois    .         Spirit   .   J - +2 helmet
rElec    .         Reflect  +   n - +2 cloak
rCorr    .         Harm     .   i - +2 pair of gloves
MR       ++...                  (no barding)
Stlth    ..........             p - +2 amulet of reflection
HPRegen  0.32/turn              t - ring of protection from magic
MPRegen  0.18/turn              m - +5 ring of dexterity

@: very quick
A: large, hooves 3, clever 1, deformed body, speed 2, low mp 1, tough skin 3,
sturdy frame 1
a: Depart the Abyss, Bend Space, Banish, Corrupt, Enter the Abyss, Brand Weapon
With Distortion, Renounce Religion


You were on level 15 of the Dungeon.
You worshipped Lugonu.
Lugonu was exalted by your worship.
You were not hungry.

You visited 2 branches of the dungeon, and saw 21 of its levels.
You visited the Abyss 1 time.
You also visited: Sewer, Ossuary and Volcano.

You collected 1646 gold pieces.

Inventory:

Hand Weapons
 k - a +9 battleaxe of freezing (weapon)
 s - a +3 hand axe of flaming
 N - a +1 war axe of chopping
 P - the +1 hand axe of Revolt {venom, *Rage rElec Str+5}
   (You found it on level 4 of the Lair of Beasts)

   It poisons the flesh of those it strikes.
   It affects your strength (+5).
   It insulates you from electricity.
   It may make you go berserk in combat.
Missiles
 x - 20 javelins (quivered)
Armour
 i - a +2 pair of gloves (worn)
 n - a +2 cloak (worn)
 J - a +2 helmet (worn)
 K - a +6 plate armour of fire resistance (worn)
Jewellery
 m - a +5 ring of dexterity (right hand)
 p - a +2 amulet of reflection (around neck)
 t - a ring of protection from magic (left hand)
 w - a +3 ring of dexterity
 E - an uncursed amulet of regeneration
 L - an uncursed ring of protection from magic
Wands
 d - a wand of random effects (15)
 e - a wand of clouds (6)
 f - a wand of paralysis (7)
 o - a wand of polymorph (34)
 v - a wand of flame (82)
 A - a wand of scattershot (6)
 I - a wand of iceblast (19)
 S - a wand of disintegration (19)
 T - a wand of enslavement (2)
Scrolls
 g - 17 scrolls of teleportation
 h - a scroll of identify
 j - 4 scrolls of amnesia
 l - 8 scrolls of remove curse
 r - 2 scrolls of fear
 u - 7 scrolls of magic mapping
 y - 5 scrolls of blinking
 O - 4 scrolls of fog
 U - a scroll of brand weapon
 W - a scroll of enchant weapon
Potions
 a - a potion of flight
 b - 8 potions of curing
 q - 4 potions of magic
 z - 2 potions of agility
 B - 6 potions of haste
 C - a potion of berserk rage
 D - 8 potions of might
 F - 2 potions of cancellation
 G - 4 potions of lignification
 H - a potion of ambrosia
 M - 2 potions of brilliance
 Q - a potion of mutation
Comestibles
 c - 40 rations


   Skills:
 + Level 11.7 Fighting
 + Level 14.0 Axes
 + Level 4.5 Throwing
 * Level 10.7 Armour
 + Level 3.6 Dodging
 * Level 12.7 Invocations
 + Level 3.9 Evocations


You had 14 spell levels left.
You didn't know any spells.
Your spell library contained the following spells:

 Spells                   Type           Power        Failure   Level  Hunger
 Beastly Appendage        Tmut           #.....       98%         1    ##.....
 Corona                   Hex            #......      98%         1    ##.....
 Magic Dart               Conj           #...         98%         1    ##.....
 Sandblast                Erth           #.....       98%         1    ##.....
 Ensorcelled Hibernation  Hex/Ice        #.....       99%         2    ###....
 Passwall                 Tmut/Erth      #.......     99%         2    ###....
 Searing Ray              Conj           #.....       99%         2    ###....
 Sticks to Snakes         Tmut           #.......     99%         2    ###....
 Sublimation of Blood     Necr           #.........   99%         2    ###....
 Swiftness                Chrm/Air       #.......     99%         2    ###....
 Confuse                  Hex            #.......     100%        3    ####...
 Dazzling Spray           Conj/Hex       #.....       100%        3    ####...
 Ignite Poison            Fire/Tmut/Pois #.......     100%        3    ####...
 Spider Form              Tmut/Pois      #.........   100%        3    ####...
 Stone Arrow              Conj/Erth      #.....       100%        3    ####...
 Tukima's Dance           Hex            #.......     100%        3    ####...
 Force Lance              Conj/Tloc      #.......     100%        4    #####..
 Fulminant Prism          Conj/Hex       #.........   100%        4    #####..
 Ice Form                 Ice/Tmut       #.......     100%        4    #####..
 Iskenderun's Mystic Bla  Conj           #.......     100%        4    #####..
 Petrify                  Tmut/Erth      #.......     100%        4    #####..
 Summon Lightning Spire   Summ/Air       #.......     100%        4    #####..
 Alistair's Intoxication  Tmut/Pois      #.......     100%        5    ######.
 Blade Hands              Tmut           #.........   100%        5    ######.
 Irradiate                Conj/Tmut      #.........   100%        5    ######.
 Lee's Rapid Deconstruct  Erth           #.........   100%        5    ######.
 Lightning Bolt           Conj/Air       #.........   100%        5    ######.
 Tornado                  Air            #.........   100%        9    #######


Dungeon Overview and Level Annotations

Branches:
Dungeon (15/15) Temple (0/1) D:6 Lair (6/6) D:11 Swamp (0/4) Lair:2 Spider (0/4) Lair:2 Slime (0/5) Lair:5 Orc (0/2) D:10 Vaults (0/5) D:13 D:14 Depths: D:15

Altars:
Ashenzari
Dithmenos
Gozag
Hepliaklqana
Kikubaaqudgha
Makhleb
Nemelex Xobeh
Okawaru
Trog
Vehumet
Xom
Yredelemnul
The Shining One
Beogh
Jiyva

Shops:
D:8 }

Annotations:
D:13 1 runed door, Trobe's ghost, journeyman MiBe


Innate Abilities, Weirdness & Mutations

You have hooves in place of feet.
Armour fits poorly on your strangely shaped body.
You cover ground very quickly.
You have extremely tough skin. (AC +3)
Your mind is acute. (Int +2)
Your magical capacity is low. (-10% MP)
Your movements are slightly less encumbered by armour. (ER -2)


Message History

The two-headed ogre hits you but does no damage.
The two-headed ogre hits you with a giant spiked club.
The two-headed ogre hits you with a giant club!
* * * LOW HITPOINT WARNING * * *
You see here a giant club.
The two-headed ogre hits you with a giant club.
* * * LOW HITPOINT WARNING * * *
The two-headed ogre barely misses you.
The ogre mage gestures at you while chanting.
You resist with almost no effort.
The ogre mage casts a spell at the two-headed ogre.
The two-headed ogre seems to speed up.
You see here a large rock.
You see here a large rock.
Things that are here:
a vampire mosquito corpse x2
You see here a vampire mosquito corpse.
The ogre mage casts a spell at you. The bolt of lightning hits you!
You die...

.# ### .# # #.##
.###. ##<.##....#
###.......#
###........##
#......@...######
...................
#........O.........
...............###..
..........#..#.##
#..
..#.........#...#
#..# #........#Z.#.#
#..# #...#...#.†#O.#
#.## #
#...##....#†..##
##..###


You could see a two-headed ogre, an ogre mage and a centaur warrior skeleton.

Vanquished Creatures
  Gastronok (Lair:1)
  Kirke (D:12)
  The ghost of Fidonwoo the Geomancer, a journeyman GrEE of Vehumet (Lair:5)
  Fannar (D:12)
  A catoblepas (Lair:3)
  6 hydras
  6 two-headed ogres
  7 centaur warriors
  Urug (D:14)
  Nergalle (D:12)
  2 unseen horrors
  A wizard (D:13)
  Pikel (D:4)
  A spectral hydra (Lair:4)
  An ugly thing (D:10)
  5 cyclopes
  2 large abominations
  A manticore (D:12)
  3 salamanders (Volcano)
  Joseph (Lair:1)
  Maurice (D:8)
  A black mamba (Lair:5)
  28 spiny frogs
  A kobold demonologist (D:14)
  A rime drake (shapeshifter) (D:14)
  A rime drake (Lair:4)
  6 komodo dragons
  A freezing wraith (D:13)
  An efreet (D:14)
  A tengu conjurer (D:14)
  A merfolk (D:10)
  An ancient zyme (Abyss:2)
  3 trolls
  A hornet (D:12)
  12 slime creatures (D:13)
  4 tyrant leeches (Lair:6)
  22 blink frogs
  2 hippogriffs
  A shadow (D:13)
  2 spectral black mambas
  A vampire (D:14)
  A wraith (Ossuary)
  A redback (Lair:2)
  2 spectral komodo dragons (Lair:4)
  3 wyverns
  2 water elementals (D:13)
  16 humans
  23 yaks
  A hungry ghost (D:8)
  3 hogs (D:13)
  12 vampire mosquitoes
  2 soldier ants
  2 swamp worms (Lair:2)
  The ghost of Cykl0x the Chopper, an amateur GrBe of Trog (D:3)
  8 water moccasins
  2 orc warriors
  9 porcupines
  4 ice beasts
  3 sky beasts
  11 ogres
  A phantom (D:8)
  A necrophage (D:8)
  An eye of draining (D:9)
  40 wolves
  3 centaurs
  17 crocodiles
  4 big kobolds
  2 wyvern zombies (D:9)
  29 bullfrogs
  6 scorpions
  2 wyvern skeletons (D:13)
  4 wights (D:10)
  2 howler monkeys
  An electric eel (Lair:6)
  5 centaur zombies
  6 crimson imps
  A quasit (D:7)
  A bullfrog zombie (D:13)
  6 hounds
  8 orc priests
  8 jellies
  A bullfrog skeleton (D:6)
  6 centaur skeletons
  12 orc wizards
  An iguana (D:9)
  9 worker ants
  Ijyb (D:4)
  Natasha (twice) (D:2)
  2 hound zombies
  3 mummies (Ossuary)
  8 gnolls
  A howler monkey skeleton (D:5)
  18 adders
  A shadow imp (D:15)
  2 adder zombies
  4 worms
  4 dart slugs
  2 leopard geckos
  67 orcs
  4 giant cockroaches
  A gnoll zombie (Ossuary)
  7 hobgoblins
  12 jackals
  35 kobolds
  5 quokkas
  6 ball pythons
  4 bats
  7 frilled lizards
  11 goblins
  2 goblin zombies (Ossuary)
  2 hobgoblin zombies (Ossuary)
  2 jackal skeletons (D:4)
  5 kobold zombies (Ossuary)
  An orc zombie (Ossuary)
  7 rats
  A fungus (Lair:4)
  2 plants
648 creatures vanquished.

Vanquished Creatures (others)
  The ghost of Cykl0x the Cleaver, a journeyman GrFi of Makhleb (D:10)
  An unseen horror (D:13)
  An ugly thing (D:12)
  3 humans (D:13)
  A water moccasin (D:7)
  A centaur (D:13)
  An orc wizard (D:5)
  3 jackals (D:8)
  A kobold (Sewer)
  A fungus (Lair:5)
  25 plants
39 creatures vanquished.

Grand Total: 687 creatures vanquished

Notes
Turn   | Place    | Note
-------+----------+-------------------------------------------
     0 | Abyss:1  | Gargoyl the Centaur Abyssal Knight began the quest for the
                  | Orb.
     0 | Abyss:1  | Reached XP level 1. HP: 19/19 MP: 2/2
    39 | Abyss:2  | Noticed a large abomination
   119 | Abyss:2  | Noticed a large abomination
   137 | Abyss:2  | Killed a large abomination
   137 | Abyss:2  | Reached skill level 5 in Fighting
   137 | Abyss:2  | Reached skill level 2 in Axes
   137 | Abyss:2  | Reached XP level 2. HP: 30/30 MP: 2/4
   138 | Abyss:2  | Reached XP level 3. HP: 37/37 MP: 2/5
   138 | Abyss:2  | Reached XP level 4. HP: 44/44 MP: 2/6
   138 | Abyss:2  | Reached XP level 5. HP: 50/50 MP: 2/7
   138 | Abyss:2  | Reached XP level 6. HP: 57/57 MP: 2/8
   161 | Abyss:2  | Noticed an ancient zyme
   164 | Abyss:2  | Killed an ancient zyme
   164 | Abyss:2  | Reached skill level 3 in Axes
   164 | Abyss:2  | Reached skill level 1 in Evocations
   164 | Abyss:2  | Reached XP level 7. HP: 64/64 MP: 4/9
   174 | Abyss:2  | Noticed a wretched star
   250 | Abyss:3  | Noticed a large abomination
   255 | Abyss:3  | Killed a large abomination
   309 | Abyss:3  | Noticed a lich
   310 | D:1      | Escaped the Abyss
   510 | D:1      | Reached * piety under Lugonu
  1237 | D:2      | Noticed Natasha
  1254 | D:2      | Killed Natasha
  1273 | D:2      | HP: 1/51 [gnoll (3)]
  1797 | D:2      | Reached skill level 4 in Axes
  1797 | D:2      | Reached skill level 5 in Armour
  1797 | D:2      | Reached XP level 8. HP: 59/59 MP: 9/13
  2006 | D:2      | Noticed Natasha
  2015 | D:2      | Killed Natasha
  2015 | D:2      | Reached skill level 5 in Axes
  2276 | D:3      | Reached ** piety under Lugonu
  3207 | D:4      | Noticed Ijyb
  3222 | D:4      | Killed Ijyb
  3436 | D:4      | Found a sand-covered staircase.
  3450 | D:4      | Noticed Pikel
  3452 | Ossuary  | Entered an ossuary
  3663 | Ossuary  | Reached *** piety under Lugonu
  3663 | Ossuary  | Reached XP level 9. HP: 79/81 MP: 14/14
  4248 | D:4      | Killed Pikel
  4420 | D:4      | Found a runed gate.
  4421 | D:4      | Found a runed gate.
  4423 | D:4      | Found a runed gate.
  4431 | D:4      | Noticed Cykl0x's ghost (amateur GrBe)
  4765 | D:4      | Found a roughly hewn altar of Beogh.
  5076 | D:3      | Gained mutation: You are agile. (Dex +2) [potion of
                  | mutation]
  5076 | D:3      | Gained mutation: You have a beak for a mouth. [potion of
                  | mutation]
  5090 | D:3      | Killed Cykl0x's ghost
  5394 | D:5      | Entered Level 5 of the Dungeon
  5638 | D:5      | Found a glowing drain.
  5663 | Sewer    | Entered a sewer
  5819 | Sewer    | Reached **** piety under Lugonu
  6387 | D:5      | Reached skill level 6 in Axes
  6636 | D:6      | Found a shadowy altar of Dithmenos.
  6672 | D:6      | Got a bloodstained scale mail
  6704 | D:6      | Identified the +1 scale mail of the Forest {rPois MR- rCorr
                  | Stlth+} (You found it on level 6 of the Dungeon)
  7743 | D:6      | Found a staircase to the Ecumenical Temple.
  7900 | D:7      | HP: 4/82 [quokka (3)]
  7901 | D:7      | Lost mutation: You are agile. (Dex +2) [potion of mutation]
  7901 | D:7      | Gained mutation: You occasionally shout uncontrollably at
                  | your foes. [potion of mutation]
  7901 | D:7      | Gained mutation: You can translocate small distances at
                  | will. [potion of mutation]
  8235 | D:7      | Reached XP level 10. HP: 90/90 MP: 16/16
  8376 | D:7      | Found a sparkling altar of Nemelex Xobeh.
  8391 | D:7      | Found a burning altar of Makhleb.
  9287 | D:8      | Noticed Maurice
  9314 | D:8      | Killed Maurice
  9314 | D:8      | Reached skill level 7 in Axes
  9428 | D:8      | Lost mutation: You occasionally shout uncontrollably at
                  | your foes. [potion of mutation]
  9428 | D:8      | Lost mutation: You have a beak for a mouth. [potion of
                  | mutation]
  9428 | D:8      | Lost mutation: You can translocate small distances at will.
                  | [potion of mutation]
  9428 | D:8      | Gained mutation: Your mind is acute. (Int +2) [potion of
                  | mutation]
  9428 | D:8      | Gained mutation: Your magical capacity is low. (-10% MP)
                  | [potion of mutation]
  9428 | D:8      | Gained mutation: Your movements are slightly less
                  | encumbered by armour. (ER -2) [potion of mutation]
  9515 | D:8      | Found a shattered altar of Ashenzari.
  9528 | D:8      | Found Zochesoe's Gadget Boutique.
  9686 | D:8      | Reached ***** piety under Lugonu
  9814 | D:8      | Found a radiant altar of Vehumet.
  9828 | D:8      | Found a bloodstained altar of Trog.
  9851 | D:8      | Found an ancient bone altar of Kikubaaqudgha.
  9854 | D:8      | Found an iron altar of Okawaru.
 10130 | D:9      | Found a hazy altar of Hepliaklqana.
 10245 | D:9      | Found an opulent altar of Gozag.
 10246 | D:9      | Found a sparkling altar of Nemelex Xobeh.
 10791 | D:10     | Entered Level 10 of the Dungeon
 10985 | D:10     | Found a staircase to the Orcish Mines.
 11025 | D:10     | Noticed a purple ugly thing
 11044 | D:10     | Killed a purple ugly thing
 11044 | D:10     | Reached skill level 8 in Axes
 11044 | D:10     | Reached XP level 11. HP: 65/97 MP: 15/15
 11240 | D:10     | Found a runed gate.
 11240 | D:10     | Found a runed gate.
 11242 | D:10     | Found a runed gate.
 11248 | D:10     | Noticed a 12-headed hydra
 11248 | D:10     | Noticed Cykl0x's ghost (journeyman GrFi)
 11902 | D:10     | Noticed a two-headed ogre
 11909 | D:10     | Killed a two-headed ogre
 12728 | D:10     | Killed a five-headed hydra
 13001 | D:10     | Banished Cykl0x's ghost
 13669 | D:11     | Found a staircase to the Lair.
 14139 | Lair:1   | Entered Level 1 of the Lair of Beasts
 14144 | Lair:1   | Reached skill level 9 in Axes
 14149 | Lair:1   | Noticed an eight-headed hydra
 14194 | D:11     | Killed a two-headed hydra
 14722 | Lair:1   | Identified the Catalogue of Air
 14776 | Lair:1   | Noticed Joseph
 14800 | Lair:1   | Killed Joseph
 14909 | Lair:1   | Noticed Gastronok
 14927 | Lair:1   | Killed Gastronok
 14927 | Lair:1   | Reached XP level 12. HP: 44/105 MP: 17/17
 15233 | Lair:1   | Found the +6 Majin-Bo {vamp, Archmagi MP+6 Int+6}
 15238 | Lair:1   | Noticed a five-headed hydra
 15246 | Lair:1   | Killed a one-headed hydra
 15246 | Lair:1   | Reached skill level 10 in Axes
 15246 | Lair:1   | Reached skill level 10 in Invocations
 16022 | Lair:2   | Found a hole to the Spider Nest.
 16238 | Lair:2   | Found a staircase to the Swamp.
 16867 | Lair:3   | Noticed an eight-headed hydra
 16879 | Lair:3   | Killed a three-headed hydra
 16949 | Lair:3   | Found a dark tunnel.
 16956 | Volcano  | Entered a volcano
 17276 | Lair:3   | Noticed a catoblepas
 17297 | Lair:3   | Killed a catoblepas
 17785 | Lair:3   | Reached skill level 10 in Fighting
 18278 | Lair:4   | Got a scorched hand axe
 18446 | Lair:4   | Identified the cursed +1 hand axe of Revolt {venom, *Rage
                  | rElec Str+5} (You found it on level 4 of the Lair of
                  | Beasts)
 18657 | Lair:3   | Reached ****** piety under Lugonu
 18752 | Lair:4   | Reached skill level 11 in Axes
 19397 | Lair:4   | Noticed a six-headed hydra
 19409 | Lair:4   | Killed a one-headed hydra
 19409 | Lair:4   | Reached XP level 13. HP: 68/113 MP: 18/18
 20302 | Lair:5   | Found a runed gate.
 20302 | Lair:5   | Found a runed gate.
 20302 | Lair:5   | Found a runed gate.
 21048 | Lair:5   | Found a staircase to the Slime Pits.
 21054 | Lair:5   | Found a viscous altar of Jiyva.
 21423 | Lair:5   | Noticed Fidonwoo's ghost (journeyman GrEE)
 21867 | Lair:5   | Killed Fidonwoo's ghost
 22087 | Lair:6   | Entered Level 6 of the Lair of Beasts
 22381 | Lair:5   | Reached skill level 12 in Axes
 23011 | Lair:5   | HP: 5/114 [poisoned by a spiny frog]
 23016 | Lair:5   | HP: 4/114 [poisoned by a spiny frog]
 23022 | Lair:5   | HP: 4/114 [poisoned by a spiny frog]
 23030 | Lair:5   | HP: 4/114 [poisoned by a spiny frog]
 23442 | Lair:5   | HP: 4/114 [blink frog (8)]
 24651 | Lair:6   | Reached skill level 10 in Armour
 24859 | Lair:6   | Reached XP level 14. HP: 122/122 MP: 20/20
 25898 | D:12     | Noticed Fannar
 25929 | D:12     | Killed Fannar
 27051 | D:12     | Noticed Nergalle
 27064 | D:12     | Killed Nergalle
 27347 | D:13     | Paralysed by a hornet for 3 turns
 27352 | D:13     | Paralysed by a hornet for 3 turns
 27655 | D:13     | Noticed Kirke
 27662 | D:13     | Noticed a sphinx
 27677 | D:12     | Killed Kirke
 27677 | D:12     | Reached skill level 13 in Axes
 28196 | D:13     | Found a runed door.
 28208 | D:13     | Found a shimmering altar of Xom.
 28208 | D:13     | Noticed Trobe's ghost (journeyman MiBe)
 28487 | D:13     | Found a basalt altar of Yredelemnul.
 29181 | D:14     | Found a gate to the Vaults.
 29181 | D:14     | Noticed Urug
 29450 | D:14     | Killed Urug
 29552 | D:14     | Found a glowing golden altar of the Shining One.
 30740 | D:15     | Entered Level 15 of the Dungeon
 30768 | D:15     | Reached XP level 15. HP: 130/132 MP: 22/22
 30810 | D:15     | Reached skill level 14 in Axes
 30842 | D:15     | Killed from afar by an ogre mage

Skill      XL: |  1  2  3  4  5  6  7  8  9 10 11 12 13 14 15 |
---------------+----------------------------------------------+-----
Fighting       | 5 6 8 9 10 11 | 11.7
Axes           | 2 3 4 5 6 8 9 11 12 13 14 | 14.0
Armour         | 2 5 6 7 8 10 | 10.7
Invocations    | 3 7 8 9 10 11 12 | 12.7
Evocations     | 1 3 |  3.9
Throwing       | 4 |  4.5
Dodging        | 3 |  3.6

Action                   |  1- 3 |  4- 6 |  7- 9 | 10-12 | 13-15 || total
-------------------------+-------+-------+-------+-------+-------++-------
Melee: Hand axe          |     1 |       |   296 |    36 |    22 ||   355
       Kick              |       |       |   106 |   146 |   195 ||   447
       Battleaxe         |       |       |   160 |   533 |   630 ||  1323
       Peck              |       |       |    19 |    15 |       ||    34
Throw: Javelin           |       |       |       |     5 |    19 ||    24
Invok: Depart the Abyss  |       |       |     1 |       |       ||     1
       Banish            |       |       |     1 |     1 |     5 ||     7
       Bend Space        |       |       |     1 |     1 |       ||     2
Evoke: Wand              |     4 |     2 |    15 |     1 |     1 ||    23
  Use: Scroll            |     1 |       |    18 |    21 |    12 ||    52
       Potion            |       |       |     9 |     3 |     5 ||    17
 Stab: Paralysed         |       |       |    14 |       |       ||    14
       Distracted        |       |       |       |       |     1 ||     1
  Eat: Chunk             |       |       |    13 |    18 |    24 ||    55
       Ration            |       |       |     2 |     4 |     3 ||     9
Armor: Leather armour    |       |       |    55 |       |       ||    55
       Ring mail         |       |       |   141 |    28 |       ||   169
       Chain mail        |       |       |       |   159 |       ||   159
       Plate armour      |       |       |       |   352 |   838 ||  1190
Dodge: Dodged            |     1 |       |   219 |   226 |   305 ||   751
Block: Other             |       |       |    21 |    53 |    67 ||   141
       Reflection        |       |       |       |     1 |     3 ||     4
